 Dungeon Crawl Stone Soup version 0.31-a0-188-g5e087ee2ca (webtiles) character file.

Game seed: 9973777117528884111

32 qw the Shooter (level 3, -5/20 HPs)
             Began as a Deep Elf Hunter on June 23, 2023.
             Slain by Pikel
             ... wielding a +2 whip of flaming
              (6 damage)
             ... on level 4 of the Dungeon.
             The game lasted 00:00:24 (1160 turns).

qw the Shooter (Deep Elf Hunter)                    Turns: 1160, Time: 00:00:25

Health: -5/20      AC:  5    Str: 10    XL:     3   Next: 10%
Magic:  5/5        EV: 11    Int: 13    God:
Gold:   62         SH:  0    Dex: 18    Spells: 2/2 levels left

rFire   . . .        Y - +0 shortbow
rCold   . . .        (shield currently unavailable)
rNeg    . . .        e - +0 ring mail
rPois   .            (no helmet)
rElec   .            (no cloak)
rCorr   .            (no gloves)
SInv    .            (no boots)
Will    +....        (no amulet)
Stlth   +            f - ring of willpower
HPRegen 0.23/turn    (no ring)
MPRegen 0.09/turn

%: no passive effects
@: no status effects
A: no striking features
a: no special abilities


You were on level 4 of the Dungeon.
You visited 1 branch of the dungeon, and saw 3 of its levels.

You collected 62 gold pieces.


   Skills:
 - Level 1.5 Fighting
 + Level 6.7 Ranged Weapons
 - Level 2.4 Dodging
 - Level 1.2 Stealth


You had 2 spell levels left.
You didn't know any spells.
Your spell library was empty.

Inventory:

Hand Weapons
 Y - a +0 shortbow (weapon)
Armour
 e - a +0 ring mail (worn)
Jewellery
 f - a ring of willpower (left hand)
Scrolls
 a - a scroll of identify
 m - 3 scrolls of teleportation
Potions
 b - a potion of invisibility {unknown}
 d - a potion of might
 g - a potion of heal wounds {unknown}
 i - a potion of berserk rage {unknown}
 k - a potion of curing {unknown}

Dungeon Overview and Level Annotations

Branches:
Dungeon (2/15)

Altars:

Annotations:
D:4 Pikel


Message History

HP restored.
Found a stone staircase leading down.
Pikel and a hobgoblin come into view.
Pikel is wielding a +2 whip of flaming.
You shoot an arrow.
The arrow hits the hobgoblin but does no damage.
The hobgoblin shouts!
You hear a shout! x2
A lemure comes into view.
You shoot an arrow. The arrow closely misses the hobgoblin.
The lemure shouts!
You hear a shout!
A lemure comes into view. x2
You shoot an arrow. The arrow hits the hobgoblin!
You kill the hobgoblin!
An endoplasm comes into view.
You shoot an arrow. The arrow barely misses the lemure.
You shoot an arrow. The arrow hits the lemure.
The lemure is lightly wounded.
The lemure hits you. The lemure barely misses you.
You shoot an arrow. The arrow hits the lemure.
The lemure is lightly wounded.
Pikel drinks a potion.
Pikel seems to grow stronger.
The lemure closely misses you.
A lemure comes into view.
You shoot an arrow. The arrow hits the lemure!
The lemure is heavily wounded.
The lemure hits you.
You shoot an arrow. The arrow closely misses the lemure.
The arrow hits the endoplasm but does no damage.
The lemure barely misses you.
You shoot an arrow. The arrow hits the lemure.
The lemure is severely wounded.
The lemure barely misses you.
You shoot an arrow. The arrow closely misses the lemure.
The arrow hits the endoplasm!
You kill the endoplasm!
Pikel hits you with a +2 whip of flaming!
Ouch! That really hurt!
Pikel burns you.
You die...

... #.#.. #.. #.#.. #.#
.... ..+ ... #.# #55
#.# #.5 ####.#####
#.5####....()..#+###
#K@.##..#####).....
###......# #......
.............####......
.....###.....+.........
.... ##>...#....#####
... #....#......... ..
###+##....##### +
#....# #....#


You could see Pikel (strong) and 4 lemures.

Vanquished Creatures
  2 dart slugs
  6 endoplasms
  4 goblins
  3 hobgoblins
  4 kobolds (D:1)
  5 bats (D:1)
  2 frilled lizards (D:1)
26 creatures vanquished.

Notes
Turn   | Place    | Note
-------+----------+-------------------------------------------
     0 | D:1      | qw the Deep Elf Hunter began the quest for the Orb.
     0 | D:1      | Reached XP level 1. HP: 12/12 MP: 3/3
     0 | D:1      | 0 ||| qw: Version: 0.3-a-9-g12657ce
     0 | D:1      | 0 ||| qw: Game counter: 3741
     0 | D:1      | 0 ||| qw: Always use a shield: true
     0 | D:1      | 0 ||| qw: God list: Okawaru
     0 | D:1      | 0 ||| qw: Allow faded altars: false
     0 | D:1      | 0 ||| qw: Do Orc after D:15 true
     0 | D:1      | 0 ||| qw: Do second Lair branch before Depths: true
     0 | D:1      | 0 ||| qw: Lair rune preference: random
     0 | D:1      | 0 ||| qw: Plans: Normal
     0 | D:1      | 0 ||| PLANNING D:1-11
   130 | D:1      | 130 ||| Stepping ~*~*~tactically~*~*~ (water).
   179 | D:1      | Reached XP level 2. HP: 16/16 MP: 4/4
   197 | D:1      | Reached skill level 6 in Ranged Weapons
   231 | D:1      | 231 ||| UPGRADING to +0 ring mail.
   241 | D:1      | 241 ||| DROPPING +0 leather armour.
   285 | D:1      | Found a faded altar of an unknown god.
   290 | D:1      | 290 ||| FLEEEEING.
   292 | D:1      | 292 ||| FLEEEEING.
   914 | D:1      | 914 ||| UPGRADING to ring of willpower.
   915 | D:1      | 915 ||| READING 3 scrolls labelled VOBLYI RODWY.
   916 | D:1      | 916 ||| READING scroll labelled ABBEOSOOGHY.
   917 | D:1      | 917 ||| READING scroll labelled ZIUCZI IH LED.
   918 | D:1      | 918 ||| READING 3 scrolls labelled KESOLO CAEVOLY.
   919 | D:1      | 919 ||| DRINKING 2 green potions.
   926 | D:1      | 926 ||| READING 2 scrolls of identify.
   926 | D:1      | 926 ||| IDENTIFYING coppery potion
   927 | D:1      | 927 ||| DROPPING scroll of butterflies.
   928 | D:1      | 928 ||| DROPPING potion of attraction.
  1089 | D:2      | You fall into a shaft and drop 2 floors!
  1126 | D:4      | Reached XP level 3. HP: 20/20 MP: 5/5
  1150 | D:4      | Noticed Pikel
  1151 | D:4      | Noticed a lemure
  1152 | D:4      | Noticed a lemure
  1152 | D:4      | Noticed a lemure
  1156 | D:4      | Noticed a lemure
  1160 | D:4      | HP: 1/20 [Pikel/+2 whip of flaming (12)]
  1160 | D:4      | Slain by Pikel

Levels and vault maps discovered:
D:1:      erik_arrival_cave_to_civilisation [erik_arrival_cave_to_hall],
          layout_basic, serial_bayou, serial_bayou_shore_b, serial_bayou_ford_a,
          serial_bayou_lake_a, serial_bayou_crossing,
          chequers_ecumenical_altar_island
D:2:      layout_loops_ring, minmay_misc_feat_iff,
          chequers_serial_rivers_room_b, uniq_sigmund, uniq_natasha,
          uniq_jessica
D:4:      layout_basic, uniq_pikel

Skill      XL: |  1  2 |
---------------+-------+-----
Ranged Weapons | 6 |  6.7
Fighting       | |  1.5
Dodging        | |  2.4
Stealth        | |  1.2

Action                     || total
---------------------------++-------
   Fire: Shortbow          ||    85
    Use: Scroll            ||     5
         Potion            ||     1
 Armour: Leather armour    ||     4
         Ring mail         ||     5
  Dodge: Dodged            ||    34

Table legend:
 A = Non-vault XP
 B = Vault XP
 C = Vault XP percentage of total XP
 D = Non-vault monster count
 E = Vault monster count
 F = Vault count percentage of total count
                 A         B        C        D         E       F
            +---------+---------+-------+---------+---------+-------
      Total |      45 |       4 |   8.2 |      24 |       2 |   7.7
            +---------+---------+-------+---------+---------+-------
        D:1 |      31 |       4 |  11.4 |      18 |       2 |  10.0
        D:2 |       4 |       0 |   0.0 |       2 |       0 |   0.0
        D:4 |      10 |       0 |   0.0 |       4 |       0 |   0.0
            +---------+---------+-------+---------+---------+-------
